 Dungeon Crawl Stone Soup version 0.31.0-11-ge490571c62 (webtiles) character file.

Game seed: 3331126815605863075

352 Arcadio the Conjurer (level 6, -4/32 HPs)
             Began as a Deep Elf Conjurer on Jan 30, 2024.
             Slain by a black bear (5 damage)
             ... on level 4 of the Dungeon.
             The game lasted 00:06:00 (3737 turns).

Arcadio the Conjurer (Deep Elf Conjurer)            Turns: 3737, Time: 00:06:01

Health: -4/32      AC:  8    Str:  4    XL:     6   Next: 34%
Magic:  11/17      EV: 11    Int: 25    God:
Gold:   134        SH:  0    Dex: 13    Spells: 11/18 levels left

rFire   . . .        c - +0 dagger
rCold   . . .        (no shield)
rNeg    . . .        n - +3 leather armour
rPois   .            (no helmet)
rElec   .            (no cloak)
rCorr   .            g - +0 pair of gloves
SInv    .            p - +0 pair of boots
Will    .....        q - amulet of magic regeneration
Stlth   ++           (no ring)
HPRegen 0.25/turn    (no ring)
MPRegen 0.55/turn

%: no passive effects
@: no status effects
A: no striking features
a: no special abilities


You were on level 4 of the Dungeon.
You visited 1 branch of the dungeon, and saw 4 of its levels.

You collected 134 gold pieces.

Inventory:

Hand Weapons
 c - a +0 dagger (weapon)
 l - a +1 whip of distortion
Armour
 a - a +0 robe
 g - a +0 pair of gloves (worn)
 n - a +3 leather armour (worn)
 p - a +0 pair of boots (worn)
Jewellery
 q - an amulet of magic regeneration (around neck)
Scrolls
 d - 3 scrolls of identify {unknown}
 e - a scroll of amnesia {unknown}
 h - 3 scrolls of blinking {unknown}
 i - a scroll of silence {unknown}
 k - a scroll of immolation {unknown}
 r - a scroll of vulnerability {unknown}
Potions
 b - a potion of magic
 f - a potion of lignification {unknown}
 j - 2 potions of curing {unknown}
 m - a potion of haste {unknown}
 o - a potion of attraction {unknown}
 s - a potion of ambrosia {unknown}


   Skills:
 - Level 2.4 Dodging
 - Level 2.4 Stealth
 + Level 6.7 Spellcasting
 + Level 6.7 Conjurations


You had 11 spell levels left.
You knew the following spells:

 Your Spells              Type           Power      Damage    Failure   Level
a - Magic Dart            Conj           100%       1d8       1%          1
b - Searing Ray           Conj           84%        2d7       1%          2
c - Fulminant Prism       Conj/Alch      12%        3d9       30%         4

Your spell library contained the following spells:

 Spells                   Type           Power      Damage    Failure   Level
 Iskenderun's Mystic Bla  Conj/Tloc      25%        2d7       30%         4


Dungeon Overview and Level Annotations

Branches:
Dungeon (4/15)             Temple (0/1) D:4

Altars:
Fedhas

Shops:
D:4 [


Message History

The black bear growls angrily.
The adder bites you.
You hit the adder.
You kill the adder!
Casting: Magic Dart (safe; 1% risk of failure)
Confirm with . or Enter, or press ? or * to list all spells.
Aiming: Searing Ray (safe; 1% risk of failure)
Press: ? - help, Shift-Dir - straight line, f - black bear
Aim: a black bear (87% to hit)
The searing ray hits the black bear.
The black bear is lightly wounded. (Press . to maintain the ray.)
The searing ray hits the black bear!
The black bear is moderately wounded.
The searing ray hits the black bear!
The black bear is severely wounded.
The black bear bites you.
The black bear claws you but does no damage. x2
The searing ray hits the black bear.
The black bear is severely wounded.
You finish channelling your searing ray.
The black bear goes berserk!
Casting: Searing Ray (safe; 1% risk of failure)
Confirm with . or Enter, or press ? or * to list all spells.
Aiming: Searing Ray (safe; 1% risk of failure)
Press: ? - help, Shift-Dir - straight line, f/p - black bear
Aim: a black bear (severely wounded, berserk, 87% to hit)
The searing ray hits the black bear.
The black bear is severely wounded. (Press . to maintain the ray.)
The black bear bites you! The black bear completely misses you.
The black bear claws you.
The searing ray hits the black bear!
The black bear is almost dead.
The black bear bites you. The black bear claws you.
The black bear claws you but does no damage.
The black bear bites you!
* * * LOW HITPOINT WARNING * * *
The black bear claws you.
You die...

#######.########
.........<.....####
##############....#
####.### #..[. #####
####. #.#########...####
## #..........†.....#
#....⌠h@.##...##.#
#........##...##.#
#..⌠.>.⌠.##...##.#
#........##..†##.#######
#....⌠...#######........
#.....#### #########
######


You could see a black bear (berserk).

Vanquished Creatures
  A scorpion (D:4)
  Natasha (thrice) (D:2)
  An orc wizard (D:4)
  10 adders
  A white imp (D:3)
  A ribbon worm (D:4)
  3 dart slugs
  7 orcs
  5 bats
  10 endoplasms
  3 giant cockroaches
  6 goblins
  4 hobgoblins
  4 jackals (D:3)
  4 quokkas
  10 ball pythons
  4 kobolds (D:2)
  5 rats
82 creatures vanquished.

Notes
Turn   | Place    | Note
-------+----------+-------------------------------------------
     0 | D:1      | Arcadio the Deep Elf Conjurer began the quest for the Orb.
     0 | D:1      | Reached XP level 1. HP: 10/10 MP: 6/6
   283 | D:1      | Reached XP level 2. HP: 15/15 MP: 3/8
   286 | D:1      | Learned a level 2 spell: Searing Ray
   603 | D:1      | Found a faded altar of an unknown god.
  1047 | D:2      | Reached skill level 5 in Conjurations
  1047 | D:2      | Reached XP level 3. HP: 19/19 MP: 5/10
  1162 | D:2      | Noticed Natasha
  1167 | D:2      | Killed Natasha
  1235 | D:2      | Reached XP level 4. HP: 24/24 MP: 9/12
  1240 | D:2      | Learned a level 4 spell: Fulminant Prism
  1355 | D:2      | Noticed Natasha
  1360 | D:2      | Killed Natasha
  1361 | D:2      | Reached skill level 5 in Spellcasting
  1433 | D:2      | You fall into a shaft and drop 1 floor!
  1588 | D:2      | Identified the orb "Kot Bud" {guile, -Tele Str+5 Alchemy}
  1818 | D:2      | Noticed Natasha
  1825 | D:2      | Killed Natasha
  1826 | D:2      | Reached XP level 5. HP: 25/28 MP: 8/15
  2461 | D:3      | Found a blossoming altar of Fedhas.
  2984 | D:4      | Reached XP level 6. HP: 24/32 MP: 7/17
  3417 | D:4      | Found Dowae's Antique Armour Emporium.
  3724 | D:4      | Found a staircase to the Ecumenical Temple.
  3737 | D:4      | HP: 1/32 [black bear (8)]
  3737 | D:4      | Slain by a black bear

Illustrated notes

Levels and vault maps discovered:
D:1:      dpeg_arrival_erosion, layout_basic, nicolae_ecumenical_lake_church,
          kennysheep_crisscross
D:2:      layout_basic, kennysheep_generic_room_7, uniq_natasha
D:3:      layout_basic, nicolae_overflow_hidden_temple
D:4:      layout_basic, temple_fountains, serial_shops, kennysheep_mini,
          minmay_misc_feat_hallway

Skill      XL: |  1  2  3  4  5 |
---------------+----------------+-----
Spellcasting   | 4 5 6 |  6.7
Conjurations   | 5 6 |  6.7
Dodging        | |  2.4
Stealth        | |  2.4

Action                     |  1- 3 |  4- 6 || total
---------------------------+-------+-------++-------
  Melee: Dagger            |     4 |    12 ||    16
   Cast: Magic Dart        |    44 |    95 ||   139
         Searing Ray       |     2 |    14 ||    16
   Stab: Sleeping          |       |     1 ||     1
 Armour: Robe              |     3 |     7 ||    10
         Leather armour    |       |    18 ||    18
  Dodge: Dodged            |    10 |    16 ||    26
